 Dungeon Crawl Stone Soup version 0.29.1-12-g30fa7ad0bf (webtiles) character file.

Game seed: 8077527101904908058

105 JanusIIV the Poker (level 4, 0/39 HPs)
             Began as a Minotaur Fighter on Dec 29, 2022.
             Slain by Natasha (6 damage)
             ... on level 2 of the Dungeon.
             The game lasted 00:02:21 (1607 turns).

JanusIIV the Poker (Minotaur Fighter)               Turns: 1607, Time: 00:02:22

Health: 0/39       AC:  0    Str: 23    XL:     4   Next: 53%
Magic:  3/3        EV: 17    Int:  5    God:
Gold:   93         SH:  0    Dex: 14    Spells: 3/3 levels left

rFire   . . .      SeeInvis .   (weapon currently unavailable)
rCold   . . .      Faith    .   (shield currently unavailable)
rNeg    . . .      Spirit   .   (body armour currently unavailable)
rPois   .          Reflect  .   (helmet currently unavailable)
rElec   .          Harm     .   (cloak currently unavailable)
rCorr   .          Rampage  .   (gloves currently unavailable)
Will    .....                   (boots currently unavailable)
Stlth   +.........              (no amulet)
HPRegen 0.13/turn               (ring currently unavailable)
MPRegen 0.08/turn               (ring currently unavailable)

@: bat-form, flying, very quick
A: fast, flying, no casting, tiny, (horns 2), (retaliatory headbutt)
a: no special abilities


You were on level 2 of the Dungeon.
You were a bat.
You visited 1 branch of the dungeon, and saw 2 of its levels.

You collected 93 gold pieces.

Inventory:

Hand Weapons
 a - a +0 trident (melded)
Armour
 b - a +0 scale mail (melded)
 c - a +0 buckler (melded)
 g - a +0 pair of gloves
Scrolls
 i - a scroll of immolation {unknown}
 j - a scroll of identify {unknown}
Potions
 d - 2 potions of might
 e - 2 potions of brilliance
 h - a potion of invisibility {unknown}


   Skills:
 - Level 3.6 Fighting
 + Level 5.9 Polearms
 - Level 3.6 Armour
 - Level 3.6 Shields


You had 3 spell levels left.
You didn't know any spells.
Your spell library contained the following spells:

 Spells                   Type           Power      Damage    Failure   Level
 Sublimation of Blood     Necr           0%         N/A       63%         2
 Wereblood                Tmut           0%         N/A       63%         2
 Summon Hydra             Summ           0%         N/A       100%        7


Dungeon Overview and Level Annotations

Branches:
Dungeon (2/15)

Altars:

Annotations:
D:1 2 transporters
D:2 Natasha


Innate Abilities, Weirdness & Mutations

You are a bat.
You are tiny and dextrous.
You move quickly.
You are flying.
Your equipment is almost entirely melded.
You are incapable of wielding weapons or throwing items.
You cannot cast spells.
((You have a pair of horns on your head.))
((You reflexively headbutt those who attack you in melee.))


Message History

The hobgoblin hits you.
You closely miss Natasha.
Natasha is moderately wounded.
Natasha zaps a wand.
You turn into a bat.
Your +0 trident melds into your body.
Your +0 buckler melds into your body.
Your +0 scale mail melds into your body.
The hobgoblin misses you.
You hit Natasha but do no damage.
Natasha is moderately wounded.
Natasha completely misses you. The hobgoblin misses you.
You hit Natasha.
Natasha is moderately wounded.
Natasha closely misses you. The hobgoblin closely misses you.
You hit Natasha.
Natasha is heavily wounded.
Natasha misses you. The hobgoblin hits you.
You hit Natasha.
Natasha is severely wounded.
Natasha claws you.
You hit Natasha but do no damage.
Natasha is severely wounded.
The hobgoblin hits you.
* * * LOW HITPOINT WARNING * * *
The crimson imp shouts, "Get thee gone, thou obnoxious unchin-snouted measle!"
Natasha completely misses you.
You hit Natasha.
Natasha is severely wounded.
The hobgoblin hits you.
* * * LOW HITPOINT WARNING * * *
The crimson imp blinks!
You hit Natasha but do no damage.
Natasha is severely wounded.
Natasha misses you. The hobgoblin barely misses you.
You hit Natasha but do no damage.
Natasha is severely wounded.
Natasha closely misses you. The hobgoblin completely misses you.
You hit Natasha.
Natasha is severely wounded.
Natasha claws you.
You die...

...##..## #.# #...# #. ##.
#..# #.# #...# #.
##.#########.####...###.
#.###...................)..
#.....................####.
....###.#######.......(......
.. #..h.5.................
...#.#.#######.#.###.##.###.
........ยง55hbg..<.###.##.###.
###.#.#.#######..............
...... ................)
#.#.#.# ##.#.#.###.##.###.
#.#.#.# #.#.#.###.#...... . #
#.. . ............... P ### #
.#.#.#####..###. #...#)# #..#
## #..#


You could see Natasha, a crimson imp (summoned), a shadow imp (summoned) and a
hobgoblin.

Vanquished Creatures
  Jessica (D:2)
  Natasha (D:2)
  A worm (D:2)
  2 bats (D:2)
  6 endoplasms
  A giant cockroach (D:1)
  6 goblins
  8 hobgoblins
  8 kobolds
  8 ball pythons
  A frilled lizard (D:2)
  4 rats
47 creatures vanquished.

Notes
Turn   | Place    | Note
-------+----------+-------------------------------------------
     0 | D:1      | JanusIIV the Minotaur Fighter began the quest for the Orb.
     0 | D:1      | Reached XP level 1. HP: 19/19 MP: 0/0
    30 | D:1      | Reached skill level 3 in Polearms
    88 | D:1      | Reached XP level 2. HP: 21/26 MP: 1/1
   188 | D:1      | Reached skill level 4 in Polearms
   479 | D:1      | Reached XP level 3. HP: 29/31 MP: 2/2
  1350 | D:2      | Noticed Jessica
  1364 | D:2      | Killed Jessica
  1365 | D:2      | Reached skill level 5 in Polearms
  1365 | D:2      | Reached XP level 4. HP: 27/39 MP: 3/3
  1464 | D:2      | Noticed Natasha
  1529 | D:2      | Killed Natasha
  1578 | D:2      | Noticed Natasha
  1607 | D:2      | Slain by Natasha

Illustrated notes

Levels and vault maps discovered:
D:1:      spicycebolla_arrival_transporter_tutorial, layout_loops_ring,
          chequers_serial_rivers_micro_e
D:2:      layout_basic, chequers_ecumenical_altar_twisty, minmay_hedge_maze,
          chequers_avenue, uniq_natasha, uniq_jessica

Skill      XL: |  1  2  3 |
---------------+----------+-----
Polearms       | 3 4 5 |  5.9
Fighting       | |  3.6
Armour         | |  3.6
Shields        | |  3.6

Action                   |  1- 3 |  4- 6 || total
-------------------------+-------+-------++-------
Melee: Trident           |    95 |    13 ||   108
       Headbutt          |     4 |     2 ||     6
       Unarmed           |       |    11 ||    11
  Use: Potion            |       |     1 ||     1
Armor: Scale mail        |    15 |     1 ||    16
Dodge: Dodged            |    29 |    22 ||    51
Block: Buckler           |    15 |     2 ||    17
